[Event "European Women-ch 2023"]
[Site "Petrovac"]
[Date "2023.03.20"]
[Round "3.9"]
[White "Klek, Hanna Marie"]
[Black "Garifullina, Leya"]
[Result "1/2-1/2"]
[ECO "B92"]
[WhiteElo "2314"]
[BlackElo "2372"]
[Annotator "TA"]
[PlyCount "64"]
[EventDate "2023.03.15"]
[EventType "swiss"]
[EventCountry "MNE"]
[SourceTitle "playchess.com"]
[Source "ChessBase"]
[SourceQuality "1"]
[TimeControl "40/5400+30:1800+30"]

1. e4 c5 2. Nf3 d6 3. d4 cxd4 4. Nxd4 Nf6 5. Nc3 a6 6. Be2 e5 7. Nb3 Be7 8. h4 {[%emt 0:00:08] B92: Sicilian Najdorf: 6 Be2.} Be6 9. f4 {[%emt 0:00:08] [#]} h6 $146 ({Predecessor:} 9... b5 10. fxe5 dxe5 11. Qxd8+ Bxd8 12. Bf3 Nbd7 13. Bd2 Rc8 14. O-O-O Nb6 15. Bg5 b4 {½-½ Martinez Alcantara,J (2598)-So,W (2772) Chess.com Rapid Wk1 Swiss 2022 (9)}) 10. f5 Bd7 11. Qd3 Bc6 12. Bf3 b5 13. a3 Nbd7 14. Bd2 h5 15. O-O-O Rc8 16. Kb1 Qc7 17. Rc1 Nb6 18. Na5 Ba8 $1 19. Rhd1 Nbd7 20. Nb3 Qb8 21. Qe2 Bd8 22. Be1 Nb6 23. Rd3 Nc4 24. Nd5 Bxd5 25. exd5 Kd7 {[%emt 0:01:21][%cal Oe5e4] Strongly threatening ...e4!} (25... O-O $5 26. Bxh5 Re8 $15) 26. Be4 Bb6 27. Rg3 Rh7 (27... Ke8 $15) 28. Ka2 (28. Bd3 $11) 28... Qa7 {[%emt 0:00:57] Threatens to win with ...Be3.} 29. Bd2 {[%emt 0:02:53] [#] Against Be3} (29. Bd3 $11) 29... Bf2 (29... a5 $1 $17 {White should prevent ...a4.} 30. Bg5 Nxe4 31. Qxe4 f6) 30. Rh3 $11 Bb6 (30... Nxe4 $11 31. Qxe4 a5) 31. Rg3 $17 {[%emt 0:00:37] [#]} Bg1 (31... a5 $1 $17 32. Bg5 Nxe4 33. Qxe4 f6) 32. Rf1 $11 Bb6 {[%emt 0:03:02] Weighted Error Value: White=0.14 (very precise) /Black=0.20 (precise)} 1/2-1/2

[Event "European Women-ch 2023"]
[Site "Petrovac"]
[Date "2023.03.20"]
[Round "3.9"]
[White "Manova, Ivana"]
[Black "Shpanko, Nadiia"]
[Result "1/2-1/2"]
[ECO "B15"]
[WhiteElo "1923"]
[BlackElo "2164"]
[Annotator "TA"]
[PlyCount "108"]
[EventDate "2023.03.15"]
[EventType "swiss"]
[EventCountry "MNE"]
[SourceTitle "playchess.com"]
[Source "ChessBase"]
[SourceQuality "1"]
[TimeControl "40/5400+30:1800+30"]

1. e4 c6 2. Nc3 d5 3. Nf3 dxe4 4. Nxe4 Nf6 5. Nxf6+ exf6 6. d4 Bd6 7. Bd3 O-O 8. O-O Bg4 9. h3 Bh5 {[%emt 0:00:25] B15: Caro-Kann: 3 Nc3: 3...g6 and 3...dxe4 4 Nxe4 Nf6 5 Nxf6+ exf6.} 10. c3 {[%emt 0:04:51] 10.Bf5 gains popularity.} Re8 11. g4 (11. Qb3 {looks sharper.} Qc7 12. Nh4 Nd7 13. a4) 11... Bg6 12. Nh4 Bxd3 13. Qxd3 Nd7 14. Bd2 {[%emt 0:05:04] [#]} Nc5 $1 15. Qc2 (15. dxc5 $2 {is the wrong capture.} Bh2+ 16. Kxh2 Qxd3 $19) 15... Ne6 {[%emt 0:12:38] [#]} 16. Rae1 $146 ({Predecessor:} 16. f4 Bc7 17. Rae1 Nxf4 18. Rxe8+ Qxe8 19. Bxf4 Bxf4 20. Rxf4 Qe1+ 21. Kh2 Qxh4 22. Qe2 {½-½ Roubal,M (1923)-Mamedov,E (2313) Wch U12 Batumi 2022 (4)}) 16... Qc7 17. Ng2 Ng5 {[%emt 0:11:14] ...Nf3+ would be deadly.} (17... Qa5 $5 ) 18. Bxg5 fxg5 19. Re4 Rxe4 20. Qxe4 Qa5 21. a3 Qb5 {[%emt 0:01:48][%cal Od6h2] [#] Hoping for ...Bh2+!} 22. Ne3 Bf4 (22... Qxb2 $2 23. Nc4 $18) 23. Re1 g6 {[%emt 0:02:32] Against Nf5} (23... Qxb2 $2 24. Nc4 $18) 24. b4 Qa4 25. Nc4 Qb3 26. Qd3 b5 27. Na5 Qd5 28. c4 bxc4 29. Qxc4 Qxc4 (29... Rc8 {with more complications.} 30. Re7 Qxc4 31. Nxc4 Rc7) 30. Nxc4 $11 {[%emt 0:00:02][%mdl 4096] Endgame KRB-KRN} Rd8 31. Rd1 (31. Na5 $5 ) 31... Bc7 {[%emt 0:02:04] The position is equal.} 32. Kg2 Bb6 33. Nxb6 axb6 {[%emt 0:00:05] KR-KR} 34. Kf3 f5 35. a4 Ra8 36. Ra1 Kf7 37. a5 bxa5 38. Rxa5 Rb8 39. gxf5 Rxb4 40. fxg6+ Kxg6 41. Ke4 Rc4 42. Ke5 {[%emt 0:03:27] Black must now prevent Rc5.} Rc2 43. Rc5 Re2+ 44. Kd6 Rxf2 45. Rxc6 Rf6+ 46. Kd7 Rxc6 $1 47. Kxc6 {[%emt 0:00:02] KPP-KPP} h5 $1 48. d5 {[%emt 0:03:45] White wants to mate with d6.} g4 49. hxg4 {[%emt 0:00:44] KPP-KP} h4 50. d6 {[%emt 0:00:07] d7 would kill now.} h3 {[%emt 0:00:04] ( -> ...h2)} 51. d7 h2 52. d8=Q {[%emt 0:00:07] Intending Qd6+ and mate.} (52. d8=R $2 {perishes.} h1=Q+ 53. Rd5 Kf7 $19) 52... h1=Q+ 53. Kb5 Qb1+ 54. Kc6 Qe4+ {[%emt 0:00:10] Weighted Error Value: White=0.03 (flawless) /Black=0.03 (flawless)} 1/2-1/2

[Event "European Women-ch 2023"]
[Site "Petrovac"]
[Date "2023.03.20"]
[Round "3.10"]
[White "Khotenashvili, Bela"]
[Black "Hajiyeva, Laman"]
[Result "1-0"]
[ECO "A11"]
[WhiteElo "2491"]
[BlackElo "2118"]
[Annotator "TA"]
[PlyCount "145"]
[EventDate "2023.03.15"]
[EventType "swiss"]
[EventCountry "MNE"]
[SourceTitle "playchess.com"]
[Source "ChessBase"]
[SourceQuality "1"]
[TimeControl "40/5400+30:1800+30"]

1. c4 c6 2. Nf3 d5 3. e3 Nf6 4. Nc3 e6 5. b3 Bd6 6. Bb2 O-O 7. Be2 a6 {[%emt 0:05:23] 7...e5 is the modern continuation.} 8. d4 Nbd7 9. O-O b5 {[%emt 0:01:24] A11: English Opening: 1...c6.} 10. Qc2 Bb7 11. c5 Bc7 {[%emt 0:02:20] White is slightly better.} 12. b4 a5 13. a3 Qe7 14. Rfe1 Rac8 {[%emt 0:08:39] [#]} 15. Bd3 $146 ({Predecessor:} 15. Rad1 e5 16. Nxe5 Nxe5 17. dxe5 Bxe5 18. Bf3 Rcd8 19. Ne2 axb4 20. axb4 Ra8 21. Ra1 {1-0 Glicenstein,A (2185)-Flom,G (2172) FRA-ch U16 Hyeres 2002 (9.6)}) 15... h6 16. e4 {[%emt 0:21:35] White is more active.} (16. Ne2 $14) 16... dxe4 $11 17. Bxe4 Nxe4 18. Nxe4 a4 19. Ne5 Rfe8 20. Rad1 Nf8 21. Ng3 (21. Rd3 $14) 21... Rcd8 (21... f6 {feels hotter.} 22. Ng6 Nxg6 23. Qxg6 Qf7) 22. Rd3 f6 23. Nf3 (23. Nh5 $5) 23... Qf7 24. Rde3 Rd5 25. Ne2 Qh5 26. Nc3 Rdd8 27. h3 Qf7 28. Bc1 Ng6 29. Re4 e5 30. dxe5 Nxe5 31. Nxe5 Bxe5 32. Qe2 Kf8 33. Nd1 (33. Qf3 $11) 33... Bc8 $15 34. Re3 (34. f4 $15 Bc7 35. Rxe8+ Rxe8 36. Qxe8+ Qxe8 37. Rxe8+ Kxe8 38. Kf2) 34... Be6 $17 {[%emt 0:00:48] ...Bf4 is the strong threat.} (34... Qg6 {looks sharper.} 35. Nb2 Bxh3 36. Qf3 Bxb2 37. Rxe8+ Rxe8 38. Rxe8+ Kxe8 39. Bxb2 Qb1+) 35. Bb2 $2 (35. Qf3 $17) 35... Bc4 $2 ({Better is} 35... Bf4 $1 $19 36. Qf3 Bxe3 37. Nxe3 Bd5) 36. Qg4 $15 Be6 {[%emt 0:00:57] A strong pair of Bishops.} (36... Bb8 {seems wilder.} 37. Bc3 Bd5 38. Qf5 Kg8) 37. Qe4 Bxb2 (37... Bd5 {is interesting.} 38. Qh7 Bf4 39. Qh8+ Qg8) 38. Nxb2 Bd5 39. Qf5 Rxe3 40. Rxe3 Re8 41. Nd1 Rd8 42. Nc3 Qd7 43. Qf4 (43. Qxd7 {simplifies} Rxd7 44. Rd3 Be6 45. Rxd7 Bxd7 46. Ne2) 43... Qf7 {[%emt 0:05:23] Black is weak on the dark squares} 44. Rd3 Qg6 45. Rg3 (45. Qg3 $5 Qf5 46. Kh2 $11 (46. Nxd5 Rxd5 47. Re3 Kf7 $11)) 45... Qe8 46. Qg4 Qd7 (46... Qe7 $14) 47. Qf4 (47. Rd3 $1 $16) 47... Qe8 $11 48. Kh2 Qf7 49. Rd3 Qg6 $1 50. Qg3 Qf5 51. Re3 (51. Rd1 {with more complications.} Kf7 52. Re1 Qc8 53. Qe3) 51... Qd7 {[%emt 0:01:02] Dodges Qc7} 52. Qf4 Qf7 53. h4 Kg8 54. Qf5 (54. Rg3 $14 {is more appropriate.}) 54... Kf8 55. h5 Qc7+ 56. Rg3 Qd7 ({Black should try} 56... Bc4 $11) 57. Qg6 (57. Qxd7 {simplifies} Rxd7 58. Rd3 Be6 59. Rxd7 Bxd7 60. Ne2) 57... Qf7 58. Rd3 Qxg6 (58... Qc7+ $11 59. Qg3 Qf7) 59. hxg6 $16 {[%emt 0:00:02] Hoping for Nxd5.} Ke7 60. Nxd5+ cxd5 {[%emt 0:00:16][%mdl 4096] Endgame KR-KR} (60... Rxd5 61. Rxd5 cxd5 62. g4 $18) 61. Re3+ $1 Kd7 62. Kg1 (62. Re1 $16) 62... Rf8 (62... d4 $1 $11 {remains equal.} 63. Re4 Kc6) 63. Kf1 f5 (63... h5 $16) 64. Re5 $1 $18 Rf6 (64... Kc6 $2 65. Re6+ Kd7 66. Rb6) 65. Rxd5+ Kc6 $2 {[%emt 0:00:04] [#]} (65... Kc7 $16 66. g3 Kc6) 66. Rd8 $1 ({Less strong is} 66. Re5 Kd7 $16) 66... Rxg6 67. Rb8 {[%emt 0:00:09] Black must now prevent Rb6+.} Rg4 {[%emt 0:00:14] [#]} 68. Rb6+ $1 Kd5 69. Rxb5 Kc4 (69... g5 $142 70. Ra5 h5 71. Rxa4 Rc4) 70. Ra5 {[%emt 0:00:24] White threatens c6 and mate.} Kb3 (70... Rg6 $142 71. Rxa4 Rc6) 71. c6 {[%emt 0:00:33][%cal Bc5c6,Bc6c7][%mdl 32] Intending c7 and mate.} Re4 72. c7 Re8 73. b5 {[%emt 0:00:12] White used his chance.   Weighted Error Value: White=0.19 (very precise) /Black=0.20 (precise)} 1-0

[Event "European Women-ch 2023"]
[Site "Petrovac"]
[Date "2023.03.20"]
[Round "3.10"]
[White "Ibrahimova, Sabina"]
[Black "Efroimski, Marsel"]
[Result "0-1"]
[ECO "B88"]
[WhiteElo "2207"]
[BlackElo "2451"]
[Annotator "TA"]
[PlyCount "112"]
[EventDate "2023.03.15"]
[EventType "swiss"]
[EventCountry "MNE"]
[SourceTitle "playchess.com"]
[Source "ChessBase"]
[SourceQuality "1"]
[TimeControl "40/5400+30:1800+30"]

1. e4 c5 2. Nf3 d6 3. d4 cxd4 4. Nxd4 Nf6 5. Nc3 Nc6 6. Bc4 e6 7. O-O Be7 8. Nb3 {[%emt 0:00:48] B88: Sicilian: Sozin Attack.} O-O 9. Bd3 a6 10. f4 {[%emt 0:00:52] The position is equal.} b5 11. a3 Qc7 12. Kh1 Bb7 {[%emt 0:01:07] [#]} 13. Qe2 $146 ({Predecessor:} 13. Qf3 Rac8 14. Be3 b4 15. axb4 Nxb4 16. Nd4 Nd7 17. Qg3 Bf6 18. Rae1 Nxd3 19. cxd3 {1-0 Zozulia,A (2371)-Stegariu,V (2220) Eforie Nord op 3rd 2011 (9)}) 13... Rfe8 14. Bd2 Bf8 15. Rae1 Nd7 16. Rf3 Nc5 17. Qf2 (17. Rh3 $5) 17... Nxd3 18. cxd3 f5 19. Rh3 Qf7 20. Qh4 h6 21. Qf2 (21. Rf1 $11 {remains equal.}) 21... e5 $17 22. Nd5 exf4 (22... Ne7 $6 23. Nxe7+ Bxe7 24. Na5 $11) 23. Bxf4 (23. Qxf4 $17 Ne5 24. Rg3) 23... Ne5 $19 24. Bxe5 Bxd5 ({Weaker is} 24... Rxe5 25. Rf1 $17) (24... dxe5 $19 25. Nd2 Rac8) 25. exd5 (25. Bxg7 $17 {was worth a try.} Qxg7 26. Nd4 (26. exd5 Qxb2 27. Rg3+ Bg7 $17)) 25... dxe5 26. Nd2 Rad8 (26... Qxd5 27. Qxf5 Rac8 28. Ne4 $11) 27. Rf1 (27. Rf3 $17) 27... f4 28. Ne4 Rxd5 29. Rf3 Red8 30. Qe2 Qd7 31. Rd1 Rd4 32. h3 Qc7 33. g3 Rc8 34. gxf4 exf4 35. Rg1 Qe5 {[%emt 0:00:34] Prevents Nf6+.} (35... Kh8 $19 {is more deadly.} 36. Qf1 Bd6) 36. Qf2 (36. Rg4 $17) 36... Rxe4 $2 ({Black should play} 36... Bc5 $19 {Threatens to win with ...Rxe4.} 37. Qc2 Rdd8 38. Nxc5 Rxc5) 37. dxe4 $11 Qxe4 38. Re1 Qd5 39. Qe2 {[%emt 0:01:32] White is weak on the dark squares} Re8 {[%emt 0:00:59][%mdl 64] Against Qe6+. Deflection} 40. Qxe8 (40. Rd1 $1 $11) 40... Qxf3+ {[%emt 0:00:00][%mdl 4096] Endgame KQR-KQB} 41. Kg1 Qg3+ ({Stronger than} 41... Qxh3 42. Qe6+ Qxe6 43. Rxe6 $14) 42. Kf1 Qxh3+ 43. Ke2 Qf5 {[%emt 0:10:58] Inhibits Qe5.} (43... Qh2+ $19 44. Kd1 Qxb2 45. Qe6+ Kh8) 44. Kf3 Qh3+ 45. Kxf4 {[%emt 0:03:05] Qe6+ would be deadly.} Qh2+ 46. Ke3 Qxb2 47. Rf1 Qxa3+ 48. Kd2 {[%emt 0:00:33] [#]} (48. Ke2 $11 {keeps the balance.}) 48... Qe7 $1 $17 49. Qa8 Qb4+ (49... g6 $17 {And now ...h5 would win.} 50. Qd5+ Kg7) 50. Ke2 $11 Qc4+ 51. Ke1 Qe6+ 52. Kd2 Qd6+ 53. Kc2 b4 {[%emt 0:03:09][%cal Ob4b3] Hoping for ...b3+!} 54. Rf5 $2 {[%emt 0:03:41][%mdl 8192] [#]} (54. Qf3 $17) 54... b3+ $1 $19 {[%emt 0:01:16][%mdl 64] Decoy} 55. Kxb3 (55. Kc3 Qb4+) 55... Qd3+ 56. Ka4 Qa3# {[%emt 0:00:13] Excellently played by Efroimski!   Weighted Error Value: White=0.44/Black=0.24 (precise)} 0-1

[Event "European Women-ch 2023"]
[Site "Petrovac"]
[Date "2023.03.20"]
[Round "3.10"]
[White "Petrovska, Katerina"]
[Black "Gaboyan, Susanna"]
[Result "0-1"]
[ECO "B30"]
[WhiteElo "1907"]
[BlackElo "2160"]
[Annotator "TA"]
[PlyCount "108"]
[EventDate "2023.03.15"]
[EventType "swiss"]
[EventCountry "MNE"]
[SourceTitle "playchess.com"]
[Source "ChessBase"]
[SourceQuality "1"]
[TimeControl "40/5400+30:1800+30"]

1. e4 c5 2. Nf3 Nc6 3. Nc3 Nf6 4. Bb5 Qc7 5. O-O a6 6. Bxc6 {[%emt 0:02:23] B30: Sicilian: 2...Nc6 3 Bb5, lines without ...g6.} Qxc6 7. e5 Nd5 {[%emt 0:00:46] [#]} 8. Nxd5 $146 {[%emt 0:17:52] White is slightly better.} (8. Ne4 $5 ) ({Predecessor:} 8. Ne4 Nc7 9. Re1 Ne6 10. d4 cxd4 11. Nxd4 Nxd4 12. Qxd4 e6 13. Bg5 b6 14. f3 {½-½ Simacek,P (2480)-Stehno,P (2310) Marianske Lazne GM 2006 (10)}) 8... Qxd5 9. d4 c4 (9... cxd4 $11 10. Bf4 (10. Qxd4 Qxd4 11. Nxd4 e6 $11) (10. Nxd4 Qxe5 11. c4 e6 $11) 10... e6) 10. Re1 $14 b5 {[%emt 0:01:30] Black is weak on the dark squares} 11. Ng5 Bb7 12. Ne4 e6 13. f3 Be7 14. Be3 f5 15. Nc3 Qc6 16. d5 exd5 17. Qd4 b4 18. Ne2 O-O $36 {[%emt 0:06:49][%mdl 2048] Black has good play.} 19. Rad1 (19. Nf4 {simplifies} d6 20. Rad1 dxe5 21. Qxe5 Rae8 22. Qxd5+ Qxd5 23. Nxd5 Bh4 24. g3) 19... d6 20. exd6 Qxd6 21. Nf4 Rfd8 (21... Rad8 {simplifies} 22. Qb6 Rd7 23. g3 Qxb6 24. Bxb6 a5) 22. Nh5 Qg6 (22... Bf8 {simplifies} 23. b3 c3 24. Nf4 a5) 23. Bh6 $2 Bf8 $19 (23... gxh6 $2 24. Rxe7 Rd6 25. Rxb7 $18) 24. Bxg7 Qxh5 ({Don't do} 24... Bxg7 25. Qxg7+ Qxg7 26. Nxg7 $16) 25. Bxf8 Rxf8 26. Re7 Rf7 {[%emt 0:00:09] Against Qg7+} 27. Rde1 Raf8 28. Qb6 Bc8 29. Qc7 (29. Qd4 {was called for.}) 29... f4 30. Qc5 Rxe7 31. Rxe7 Re8 32. Rxe8+ Qxe8 33. Qxd5+ Be6 34. Qg5+ Qg6 35. Qxf4 Kg7 36. Qc7+ Bf7 37. Qc5 {[%emt 0:00:43] Repels Qg5} b3 (37... Qxc2 38. Qd4+ Kh6 39. Qf4+ Kg7 40. Qd4+ Kg6 41. Qd6+ Kf5 42. g4+ Kg5 43. Qe7+ Kg6 44. Qd6+ Kg5 45. Qe5+ Kg6 46. Qd6+ Kg5 $15) (37... h5 $142 38. Qxb4 Qxc2 39. Qc3+ Qxc3 40. bxc3 Kf6) 38. axb3 $17 cxb3 ({Don't play} 38... Qxc2 $6 39. Qd4+ Kf8 40. Qd8+ Be8 41. Qd6+ Kg8 42. Qd5+ Bf7 43. Qd8+ Kg7 44. Qd4+ Kh6 45. Qf4+ Kg7 46. Qd4+ $11) 39. Qd4+ Qf6 40. Qg4+ Kh8 {[%emt 0:00:00] Threatens to win with ...Qe5.} 41. Qc8+ {[%emt 0:00:14] [#]} Bg8 $1 {[%emt 0:01:52] ...Qd4+ would be deadly.} 42. cxb3 Qd4+ 43. Kf1 a5 44. Qc2 {[%emt 0:05:26] Repels Qd3+} (44. Qf8 $15) 44... Be6 {[%emt 0:01:12] Black is more active.} (44... a4 $142 45. Qf2 Qxf2+ 46. Kxf2 Bxb3) 45. Qe4 $2 {[%emt 0:06:14][%mdl 8192] [#] This costs White the game.} (45. g4 $17) 45... Qxe4 $1 $19 {[%emt 0:01:59] Black is clearly winning.} (45... Qxb2 $2 46. Qxe6 Qc3 47. Qf7 $18) 46. fxe4 {[%emt 0:00:04][%mdl 4096] Endgame KB-KP} Kg7 47. Kf2 Kf6 48. Ke3 Ke5 49. h3 Bxb3 50. g4 Bc2 51. h4 Bxe4 52. g5 Bg6 53. Kf3 Kf5 54. Kg3 Bh5 {[%emt 0:00:06] Weighted Error Value: White=0.28 (precise) /Black=0.14 (very precise)} 0-1

[Event "European Women-ch 2023"]
[Site "Petrovac"]
[Date "2023.03.20"]
[Round "3.11"]
[White "Arabidze, Meri"]
[Black "Richterova, Natasa"]
[Result "1-0"]
[ECO "E01"]
[WhiteElo "2433"]
[BlackElo "2190"]
[Annotator "TA"]
[PlyCount "65"]
[EventDate "2023.03.15"]
[EventType "swiss"]
[EventCountry "MNE"]
[SourceTitle "playchess.com"]
[Source "ChessBase"]
[SourceQuality "1"]
[TimeControl "40/5400+30:1800+30"]

1. d4 d5 2. c4 c6 3. Nf3 Nf6 4. g3 e6 5. Bg2 Nbd7 6. Qc2 Bb4+ 7. Nbd2 O-O {[%emt 0:04:18] E01: Catalan: Early deviations.} 8. O-O Re8 {[%emt 0:01:40] 8...b6 deserves study.} 9. e4 dxe4 (9... Bxd2 $1 $11 10. Nxd2 Nxe4) 10. Nxe4 $16 Nxe4 11. Qxe4 c5 (11... Ba5 $14) 12. a3 Ba5 13. Rd1 {[%emt 0:00:11] Threatens to win with dxc5.} cxd4 14. Nxd4 a6 {[%emt 0:08:03] Wards off Nb5} 15. b4 {[%emt 0:02:50] White is much more active. The black rooks are badly placed.} Bc7 16. Bb2 Qe7 17. Qc2 $36 {[%emt 0:01:59][%mdl 2048] [#] Keeping Black busy.} Be5 $146 ({Predecessor:} 17... Rb8 18. Re1 Qf8 19. Rad1 Nf6 20. Nf3 Rd8 21. Ng5 Rxd1 22. Rxd1 e5 23. f4 Bg4 {1-0 Clavijo,J-Gonzalez Manchon,J COL-ch Columbia 1990}) 18. Re1 Bf6 19. Rad1 Qf8 20. c5 Rb8 21. Bc1 g6 22. Nb3 Bg7 23. Na5 Bh6 $2 {[%emt 0:03:17] [#]} (23... Ne5 {was necessary.} 24. Bf4 f6) 24. Bb2 {[%emt 0:10:19] White is clearly winning.} Bg7 25. Bxg7 Qxg7 26. c6 bxc6 27. Nxc6 ({But not} 27. Bxc6 f5 28. Qd2 e5 29. Bxd7 Bxd7 30. Qxd7 Qxd7 31. Rxd7 Rbc8) ({Less strong is} 27. Qxc6 Nf6 28. h3 Rf8 $18) 27... Qf8 (27... Ra8 $142 28. Ne7+ {[%mdl 64] Discovered Attack} Rxe7 29. Bxa8 Qf8) 28. Nxb8 $18 Nxb8 29. Qc7 {[%emt 0:00:29] Prevents Bd7} Bd7 30. Rxd7 Nxd7 31. Qxd7 Rd8 32. Qc6 Rd6 33. Qa8 {[%emt 0:00:22] Black did not feel at home in the position after the opening.   Weighted Error Value: White=0.07 (flawless) /Black=0.39} 1-0

[Event "European Women-ch 2023"]
[Site "Petrovac"]
[Date "2023.03.20"]
[Round "3.11"]
[White "Zhukova, Natalia"]
[Black "Gunina, Valentina"]
[Result "1/2-1/2"]
[ECO "D10"]
[WhiteElo "2322"]
[BlackElo "2478"]
[Annotator "TA"]
[PlyCount "54"]
[EventDate "2023.03.15"]
[EventType "swiss"]
[EventCountry "MNE"]
[SourceTitle "playchess.com"]
[Source "ChessBase"]
[SourceQuality "1"]
[TimeControl "40/5400+30:1800+30"]

1. d4 d5 2. c4 c6 3. Nc3 Nf6 4. e3 Bf5 5. cxd5 cxd5 6. Qb3 Nc6 {[%emt 0:00:09] [#] D10: Slav Defence: 3 cxd5 (without early Nf3) and 3 Nc3.} 7. Qb4 $2 b6 $2 ({Black should play} 7... Nxb4 $19 8. Bb5+ Bd7 9. Bxd7+ Qxd7) 8. Qxb6 $2 Be6 $4 (8... Qxb6 $19 {and all is fine.} 9. Nf3 Ne4) 9. Qb7 $2 {Repels Nb4} (9. Qxc6+ $18 Bd7 10. Qa6) 9... Bd7 $1 $11 {[%emt 0:01:01] ...Rb8 is the strong threat.} 10. Qb3 Rb8 11. Qd1 e5 12. dxe5 Nxe5 13. Nge2 Bc5 14. Nf4 Bc6 15. Be2 O-O 16. O-O {[%emt 0:00:17] [#]} Re8 $146 ({Predecessor:} 16... Rb6 17. b3 d4 18. exd4 Bxd4 19. Bb2 Ne4 20. Nxe4 Bxb2 21. Qxd8 Rxd8 22. Rad1 Rbb8 23. Nc5 a5 24. Na6 Rbc8 {1-0 Krasenkow,M (2671)-Tikkanen,H (2515) Rilton Cup 47th 2017 (5)}) 17. a4 d4 18. exd4 Bxd4 19. Nb5 Bb6 20. Be3 Bxe3 21. fxe3 Qe7 22. Qd4 a6 (22... Ba8 {simplifies} 23. Rac1 Nc6 24. Qc5 Qxc5 25. Rxc5 Rxe3 26. Rfc1 Nd7) 23. Nd6 Red8 24. Nf5 Qe8 25. Nd6 {[%emt 0:01:19] The position is equal.} Qe7 26. Nf5 Qe8 27. Nd6 Qe7 {[%emt 0:00:05] A brilliant game!   Weighted Error Value: White=0.67/Black=0.48} 1/2-1/2

[Event "European Women-ch 2023"]
[Site "Petrovac"]
[Date "2023.03.20"]
[Round "3.11"]
[White "Buchholz, Maja Patricia"]
[Black "Ivekovic, Tihana"]
[Result "0-1"]
[ECO "A13"]
[WhiteElo "1883"]
[BlackElo "2132"]
[Annotator "TA"]
[PlyCount "76"]
[EventDate "2023.03.15"]
[EventType "swiss"]
[EventCountry "MNE"]
[SourceTitle "playchess.com"]
[Source "ChessBase"]
[SourceQuality "1"]
[TimeControl "40/5400+30:1800+30"]

1. c4 Nf6 2. g3 e6 3. Bg2 d5 4. Nf3 d4 5. d3 c5 6. e4 {[%emt 0:02:05] A13: English Opening: 1...e6.} Nc6 7. e5 {[%emt 0:07:38] Repels Bd6} Nd7 8. Qe2 {[%emt 0:01:53] The position is equal.} a6 9. Bf4 Be7 10. h4 {[%emt 0:01:46] [#]} h6 $146 ({Predecessor:} 10... Qb6 11. O-O Nf8 12. h5 h6 13. b3 Nh7 14. Nbd2 Bd7 15. Ne4 Qc7 16. a3 a5 {1-0 Iturrizaga Bonelli,E (2607)-Leszko,B (2321) Titled Tuesday intern op 23rd Feb blitz 2021 (10)}) 11. Nbd2 Qc7 12. a3 Rb8 13. Ne4 Qa5+ 14. Bd2 Qc7 15. Bf4 b5 16. b3 bxc4 17. bxc4 Qa5+ 18. Qd2 ({Better is} 18. Bd2 $11 Qc7 19. Bf4) 18... Qa4 (18... Bb7 $15) 19. O-O $14 Na5 (19... Rb6 $11) 20. Ra2 Bb7 21. Qe2 O-O {[%emt 0:01:18] [#]} (21... Bxe4 $11 {remains equal.} 22. Qxe4 O-O) 22. Nfd2 (22. Nh2 $1 $16) 22... Nc6 23. Qh5 (23. Rb2 $14) 23... Nb4 $11 {[%emt 0:10:41][%mdl 64] Pin, Double Attack} 24. Rb2 (24. Bxh6 $11 Nxa2 25. Bxg7 Kxg7 26. Ng5 Bxg5 27. Qxg5+ Kh7 28. Qh5+ Kg8 29. Qg5+ Kh7 30. Qh5+ Kg8 31. Qg5+ Kh7) 24... Nxd3 $19 (24... Qxa3 25. Rb3 Qa2 26. Bxh6 gxh6 27. Qxh6 $11) 25. Rxb7 Nxf4 26. gxf4 Rxb7 27. Nf6+ Bxf6 (27... gxf6 28. Qxh6 Rfb8 29. Be4 $18) (27... Nxf6 28. exf6 Qxa3 29. Bxb7 (29. fxg7 Kxg7 30. Bxb7 Qb4 $11) 29... Bxf6 30. Ne4 $14) 28. Bxb7 Be7 29. Be4 Qa5 (29... Qxa3 $19 {Hoping for ...Qc3.} 30. Nf3 Qa2) 30. Nf3 $1 $15 f5 (30... Qxa3 31. f5 Rd8 32. fxe6 fxe6 33. Rb1 $14 (33. Qg6 $2 Nf8 $17)) 31. exf6 Nxf6 32. Qg6 Qc7 {[%emt 0:03:41] Threatens to win with ...Nxe4.} ({Much less strong is} 32... Qxa3 33. Rb1 Qa4 34. Rb7 $14) 33. Ne5 $1 Bd6 $36 {[%emt 0:01:36][%mdl 2048] Black is pushing.} ({Of course not} 33... Nxe4 34. Qxe6+ Kh7 35. Qg6+ Kg8 36. Qe6+ Kh7 37. Qg6+ Kg8 38. Qe6+ $11) 34. Rb1 $1 {[%emt 0:01:07] Strongly threatening Rb7.} Nxe4 $1 {[%emt 0:02:04][%mdl 64] [#] Discovered Attack} 35. Qxe6+ Kh7 36. Qg6+ Kh8 37. Qxe4 Bxe5 38. Rb7 $2 (38. fxe5 $15 Qf7 39. f3) 38... Rxf4 {[%emt 0:01:03] Weighted Error Value: White=0.44/Black=0.23 (precise)} 0-1